 Dungeon Crawl Stone Soup version 0.28.0-53-g5a82cb258f (webtiles) character file.

Game seed: 12629195934735114892

85 Peloso the Covered (level 4, -2/40 HPs)
             Began as a Minotaur Fighter on Aug 6, 2022.
             Killed by divine providence
             ... invoked by an orc priest
              (10 damage)
             ... on level 3 of the Dungeon.
             The game lasted 00:03:26 (1945 turns).

Peloso the Covered (Minotaur Fighter)               Turns: 1945, Time: 00:03:27

Health: -2/40      AC: 13    Str: 20    XL:     4   Next: 25%
Magic:  3/3        EV:  7    Int:  5    God:
Gold:   35         SH:  5    Dex: 12    Spells: 3/3 levels left

rFire   . . .      SeeInvis .   a - +0 long sword
rCold   . . .      Faith    .   c - +0 buckler
rNeg    . . .      Spirit   .   i - +1 chain mail
rPois   .          Reflect  .   (helmet restricted)
rElec   .          Harm     .   (no cloak)
rCorr   .          Rampage  .   m - +2 pair of gloves
Will    .....                   (no boots)
Stlth   ..........              (no amulet)
HPRegen 0.13/turn               (no ring)
MPRegen 0.08/turn               (no ring)

@: no status effects
A: horns 2, retaliatory headbutt
a: no special abilities


You were on level 3 of the Dungeon.
You visited 1 branch of the dungeon, and saw 3 of its levels.

You collected 35 gold pieces.

Inventory:

Hand Weapons
 a - a +0 long sword (weapon)
Missiles
 n - a throwing net (quivered)
Armour
 b - a +0 scale mail
 c - a +0 buckler (worn)
 i - a +1 chain mail (worn)
 m - a +2 pair of gloves (worn)
Scrolls
 e - a scroll of teleportation {unknown}
 g - a scroll of immolation
 j - a scroll of acquirement {unknown}
 k - 2 scrolls of fog {unknown}
Potions
 d - a potion of might
 f - a potion of heal wounds {unknown}
 h - 2 potions of curing
 l - a potion of cancellation {unknown}


   Skills:
 + Level 4.1 Fighting
 + Level 3.5 Long Blades
 + Level 4.5 Armour
 + Level 1.0 Dodging
 + Level 4.2 Shields


You had 3 spell levels left.
You didn't know any spells.
Your spell library was empty.

Dungeon Overview and Level Annotations

Branches:
Dungeon (3/15)

Altars:

Shops:
D:1 :=(


Innate Abilities, Weirdness & Mutations

You have a pair of horns on your head.
You reflexively headbutt those who attack you in melee.


Message History

An orc comes into view.
It is wielding a +0 short sword and wearing a +2 leather armour of cold resistance.
The orc shouts!
An orc is nearby!
An orc wizard comes into view. It is wielding a +0 dagger.
The orc wizard shouts!
You hear a shout! x2
Found a cloak.
An orc priest comes into view. It is wielding a +0 dagger.
The orc priest shouts!
The orc priest invokes the aid of Beogh against you.
Beogh smites you!
An orc priest comes into view.
It is wielding a +0 trident and wearing an orb of energy.
The orc priest shouts!
The orc hits you but does no damage.
The orc priest miscasts a cantrip.
The orc wizard hits you but does no damage.
You hit the orc wizard. Your headbutt misses the orc wizard.
The orc wizard is moderately wounded.
The orc hits you but does no damage. You block the orc wizard's attack.
The orc hits you with a +0 short sword.
You slash the orc wizard!
The orc wizard is almost dead.
The orc priest invokes the aid of Beogh against you.
Pain shoots through your body!
* * * LOW HITPOINT WARNING * * *
The orc wizard hits you with a +0 dagger.
* * * LOW HITPOINT WARNING * * *
You block the orc's attack.
The orc priest calls upon Beogh to heal the orc wizard.
The orc wizard is healed somewhat.
The orc wizard casts a spell at you. The magic dart hits you.
* * * LOW HITPOINT WARNING * * *
The orc hits you but does no damage.
The orc priest looks braver for a moment.
The orc priest hits you but does no damage.
The orc wizard casts a spell at you. You resist with some effort.
The orc priest mumbles some strange prayers to Beogh against you.
Beogh smites you!
You die...

#.....#.##.........
......#.##.........
...................
...#.##o##.........
.......o...........
........o.#########
.........)o.#
#>..........#
#.........@.#
#..........#
#.......<..###
##.....#......##
##..............#
#................#
#......<.........#
#................#
#...............[#


You could see 2 orc priests, an orc wizard and an orc.

Vanquished Creatures
  4 adders (D:2)
  6 bats (D:1)
  11 endoplasms
  A giant cockroach (D:2)
  7 goblins
  3 hobgoblins
  5 kobolds (D:1)
  A quokka (D:1)
  2 ball pythons
  3 frilled lizards (D:1)
  3 rats
46 creatures vanquished.

Vanquished Creatures (others)
  3 plants (D:2)
3 creatures vanquished.

Grand Total: 49 creatures vanquished

Notes
Turn   | Place    | Note
-------+----------+-------------------------------------------
     0 | D:1      | Peloso the Minotaur Fighter began the quest for the Orb.
     0 | D:1      | Reached XP level 1. HP: 19/19 MP: 0/0
   172 | D:1      | Reached XP level 2. HP: 26/27 MP: 1/1
   403 | D:1      | Found Kerched's Book Shop.
   561 | D:1      | Found Niext's Jewellery Shop.
   619 | D:1      | Reached XP level 3. HP: 12/33 MP: 2/2
   854 | D:1      | Found Vask's Weapon Emporium.
   970 | D:2      | Found a faded altar of an unknown god.
  1311 | D:2      | Reached skill level 1 in Dodging
  1362 | D:2      | Identified the +0 leather armour of Cheibriados's Regard
                  | {rC+ Str+2}
  1567 | D:2      | Reached XP level 4. HP: 40/40 MP: 3/3
  1945 | D:3      | Killed from afar by an orc priest

Illustrated notes

Levels and vault maps discovered:
D:1:      lightli_arrival_lavapool, layout_rooms, serial_shops,
          nicolae_shop_bloodbath_and_beyond, nicolae_shop_advertising_works
          [nicolae_subvault_shop_adworks], shop, minmay_octomino_c4
D:2:      layout_basic, ebering_ecumenical_altar_rust, serial_bayou_crossing
D:3:      layout_rooms, nrook_uturn, uniq_crazy_yiuf_cottage

Skill      XL: |  1  2  3 |
---------------+----------+-----
Armour         | 4 |  4.5
Shields        | 4 |  4.2
Long Blades    | 3 |  3.5
Fighting       | 4 |  4.1
Dodging        | 1 |  1.0

Action                   |  1- 3 |  4- 6 || total
-------------------------+-------+-------++-------
Melee: Long sword        |    79 |     8 ||    87
       Headbutt          |    11 |       ||    11
  Use: Scroll            |     3 |       ||     3
Armor: Scale mail        |    47 |       ||    47
       Chain mail        |    12 |     8 ||    20
Dodge: Dodged            |    52 |     2 ||    54
Block: Buckler           |    27 |     2 ||    29
